 Dungeon Crawl Stone Soup version 0.31-a0-1074-g0b22e4e0f1 (webtiles) character file.

Game seed: 16457777303883118601

51 sammy202020 the Trooper (level 3, 29/29 HPs)
             Began as a Minotaur Fighter on Nov 27, 2023.
             Quit the game on level 2 of the Dungeon.
             The game lasted 00:02:13 (1551 turns).

sammy202020 the Trooper (Minotaur Fighter)          Turns: 1551, Time: 00:02:13

Health: 29/29      AC:  9    Str: 20    XL:     3   Next: 57%
Magic:  2/2        EV:  9    Int:  7    God:
Gold:   106        SH:  4    Dex:  9    Spells: 2/2 levels left

rFire   . . .        a - +0 war axe
rCold   . . .        c - +0 buckler
rNeg    . . .        b - +0 scale mail
rPois   .            (helmet restricted)
rElec   .            f - +1 cloak
rCorr   .            (no gloves)
SInv    .            (no boots)
Will    .....        (no amulet) Stlth
                     (no ring)
HPRegen 0.24/turn    (no ring)
MPRegen 0.08/turn

%: no passive effects
@: weak-willed
A: horns 2, retaliatory headbutt, frail 1
a: no special abilities


You were on level 2 of the Dungeon.
You visited 1 branch of the dungeon, and saw 2 of its levels.

You collected 106 gold pieces.

Inventory:

Hand Weapons
 a - a +0 war axe (weapon)
Armour
 b - a +0 scale mail (worn)
 c - a +0 buckler (worn)
 f - a +1 cloak (worn)
Scrolls
 h - 2 scrolls of noise
Potions
 d - a potion of might
 i - a potion of haste {unknown}
 l - a potion of curing {unknown}


   Skills:
 * Level 4.2 Fighting
 * Level 3.1 Axes
 * Level 4.0 Armour
 + Level 1.0 Dodging
 * Level 4.1 Shields


You had 2 spell levels left.
You didn't know any spells.
Your spell library contained the following spells:

 Spells                   Type           Power      Damage    Failure   Level
 Freeze                   Ice            0%         1d3       85%         1
 Ensorcelled Hibernation  Hex/Ice        0%         N/A       94%         2
 Passwall                 Tmut/Erth      0%         N/A       94%         2
 Wereblood                Tmut           0%         N/A       94%         2
 Frozen Ramparts          Ice            0%         1d1       99%         3
 Hailstorm                Conj/Ice       0%         3d3       99%         3
 Swiftness                Air            0%         N/A       99%         3
 Irradiate                Conj/Tmut      0%         3d11      100%        5


Dungeon Overview and Level Annotations

Branches:
Dungeon (2/15)

Altars:

Shops:
D:1 :   D:2 ?


Innate Abilities, Weirdness & Mutations

You have a pair of horns on your head.
You reflexively headbutt those who attack you in melee.
You are frail. (-10% HP)


Message History

No target in view!
There is a stone staircase leading down here.
You see here 3 stones.
l - a fuming yellow potion
Found 2 poisoned darts.
You see here 2 poisoned darts.
You see here a +0 whip.
Found a leather armour.
No target in view!
No target in view!
No target in view!
No target in view!
No target in view!
No target in view!
No target in view!
No target in view!
No target in view!
No target in view!
You see here a +0 leather armour.
Done exploring.
Done exploring.
Done exploring.
No target in view!
Done exploring.
Done exploring.
As you read the scroll labelled UTEECE HONWI, it crumbles to dust.
It is a scroll of enchant armour.
Your +0 cloak glows green for a moment.
As you read the scroll labelled SYACRE TA DAU, it crumbles to dust.
Magic quickly surges around you.
It was a scroll of vulnerability.
As you read the scroll of identify, it crumbles to dust.
e - a potion of mutation You feel extremely strange.
You feel frail.
Are you sure you want to abandon this character and quit the game? (Confirm with "yes".)
Okay, then.
Unknown command.
Unknown command.
Unknown command.
Are you sure you want to abandon this character and quit the game? (Confirm with "yes".)

#.# #.# ##.# #.#
...# #.# #### #.#
#.# #.# ########
###.### .......#
#.....#
######.#####.#.#@#
#.#.........#
#.#.###.#.#.#
#.#.# #.....#
#.#.# ###.#.#
#.#.#####.#.#
#.#.......#.#
#.#.#######.#
####.#.#######.#


There were no monsters in sight!

Vanquished Creatures
  2 worms (D:2)
  5 endoplasms
  A giant cockroach (D:1)
  8 goblins
  3 hobgoblins (D:1)
  4 jackals (D:1)
  6 kobolds
  3 ball pythons
  4 bats
  A frilled lizard (D:1)
  3 rats
40 creatures vanquished.

Notes
Turn   | Place    | Note
-------+----------+-------------------------------------------
     0 | D:1      | sammy202020 the Minotaur Fighter began the quest for the
                  | Orb.
     0 | D:1      | Reached XP level 1. HP: 19/19 MP: 0/0
   189 | D:1      | Reached XP level 2. HP: 27/27 MP: 1/1
   271 | D:1      | Found Vonac's Book Boutique.
   489 | D:1      | Reached XP level 3. HP: 33/33 MP: 2/2
   747 | D:2      | Found a faded altar of an unknown god.
  1052 | D:2      | Found Fimy's Magic Scroll Boutique.
  1156 | D:2      | Reached skill level 1 in Dodging
  1550 | D:2      | Gained mutation: You are frail. (-10% HP) [potion of
                  | mutation]
  1551 | D:2      | Quit the game

Illustrated notes

Levels and vault maps discovered:
D:1:      spicycebolla_green_bress_n_ham, layout_loops_ring, serial_shops, shop
D:2:      layout_loops_ring, nicolae_ecumenical_pavilion, serial_shops,
          nicolae_shop_stone

Skill      XL: |  1  2  3 |
---------------+----------+-----
Shields        | 4 |  4.1
Fighting       | 4 |  4.2
Axes           | 3 |  3.1
Armour         | 4 |  4.0
Dodging        | 1 |  1.0

Action                     || total
---------------------------++-------
  Melee: War axe           ||    77
         Headbutt          ||     5
    Use: Scroll            ||     7
         Potion            ||     1
 Armour: Scale mail        ||    50
  Dodge: Dodged            ||    28
  Block: Buckler           ||    17

Table legend: (Time is in decaauts)
 A = Elapsed time spent in this place.
 B = Non-inter-level travel time spent in this place.
 C = Inter-level travel time spent in this place.
 D = Time resting spent in this place.
 E = Time spent auto-exploring this place.
 F = Levels seen in this place.
 G = Mean time per level.
                   A        B        C        D        E       F      G
               +--------+--------+--------+--------+--------+-----+--------+
         Total |   1581 |   1564 |     17 |      0 |   1297 |   2 |  790.5 |
       Dungeon |   1581 |   1564 |     17 |      0 |   1297 |   2 |  790.5 |
               +--------+--------+--------+--------+--------+-----+--------+

Top non-repeatable levels by time:
     D:2: 815 daAuts
     D:1: 766 daAuts
